Map: Ruins of Seras

Players

sOs - Winner!

  • Race: Protoss Protoss

herO

  • Race: Protoss Protoss

Event: IEM Season 10 - Taipei

VOD

Have the link to the VOD?

Description

Time

  • Played on: Feb. 1, 2016, 11:43 p.m.
  • Length: 5:42

All games in this series

Show
View Real Time Build Order
Export as new Build Order

sOs Protoss - Winner!

Build Orders: 1 Gate Expand 

Get SALT Encoding   

  12  0:00  Probe (Chrono Boost)  
  13  0:11  Probe (Chrono Boost)  
  14  0:17  Pylon  
  14  0:22  Probe (Chrono Boost)  
  16  0:35  Probe (Chrono Boost)  
  16  0:38  Gateway  
  16  0:42  Assimilator  
  16  0:46  Probe (Chrono Boost)  
  17  0:57  Probe (Chrono Boost)  
  18  1:07  Probe (Chrono Boost)  
  19  1:19  Nexus  
  19  1:22  Probe (Chrono Boost)  
  20  1:33  Cybernetics Core  
  20  1:36  Probe (Chrono Boost)  
  21  1:40  Assimilator  
  21  1:46  Probe (Chrono Boost)  
  22  1:51  Pylon  
  22  1:57  Probe (Chrono Boost)  
  23  2:09  Probe (Chrono Boost), Stalker (Chrono Boost), Warp Gate (Chrono Boost)  
  26  2:21  Mothership Core  
  28  2:27  Gateway  
  28  2:31  Probe  
  28  2:34  Stalker  
  31  2:44  Pylon  
  31  2:57  Probe x2  
  33  3:00  Stalker  
  34  3:14  Gateway  
  34  3:15  Stalker  
  36  3:25  Probe x2  
  38  3:31  Stalker  
  40  3:42  Probe x2  
  40  3:45  Stalker  
  44  3:52  Pylon  
  44  3:58  Robotics Facility  
  44  4:12  Stalker  
  44  4:13  Stalker  
  48  4:17  Pylon  
  48  4:24  Pylon  
  48  4:26  Sentry  
  50  4:33  Stalker  
  52  4:42  Pylon  
  52  4:47  Immortal (Chrono Boost)  
  52  4:52  Sentry  
  56  5:00  Stalker  
  56  5:06  Pylon  
  58  5:07  Zealot  
  60  5:20  Stalker  
  56  5:33  Stalker  
Show
View Real Time Build Order
Export as new Build Order

herO Protoss 

Build Orders:  

Get SALT Encoding   

  12  0:00  Probe (Chrono Boost)  
  13  0:14  Pylon  
  13  0:17  Probe (Chrono Boost)  
  14  0:28  Probe (Chrono Boost)  
  15  0:33  Gateway  
  15  0:38  Probe (Chrono Boost)  
  16  0:44  Assimilator  
  16  0:49  Probe (Chrono Boost)  
  17  0:53  Assimilator  
  17  0:59  Probe (Chrono Boost)  
  18  1:10  Probe (Chrono Boost)  
  19  1:20  Probe (Chrono Boost)  
  19  1:21  Cybernetics Core  
  20  1:31  Probe (Chrono Boost)  
  21  1:33  Pylon  
  21  1:41  Probe (Chrono Boost)  
  22  1:52  Probe (Chrono Boost)  
  23  1:57  Adept (Chrono Boost), Warp Gate (Chrono Boost)  
  25  2:03  Probe  
  26  2:15  Robotics Facility  
  26  2:21  Adept (Chrono Boost)  
  28  2:42  Gateway x2  
  28  2:43  Gateway  
  27  2:48  Adept  
  29  3:03  Warp Prism  
  31  3:20  Pylon  
  31  3:30  Pylon  
  31  3:48  Stalker x4  
  39  4:22  Stalker x4  
  42  4:45  Stalker x2  
  46  4:47  Stalker  
  42  5:04  Stalker  
  42  5:07  Adept  
  44  5:22  Adept  
  44  5:25  Adept  
  42  5:28  Stalker  
  42  5:29  Stalker  

Tags
 
Add a new tag
Caveats
  • Supply blocks, unpowered buildings, or Contaminate may cause inaccurate times.
  • Supply counts are checked every 10 seconds.